 Dungeon Crawl Stone Soup version 0.17-a0-1056-g838d5c0 (webtiles) character file.

132 Lugonue the Slasher (level 5, -12/34 HPs)
             Began as a Halfling Warper on May 16, 2015.
             Mangled by a mummy (15 damage)
             ... in an ossuary.
             The game lasted 00:05:42 (2621 turns).

Lugonue the Slasher (Halfling Warper)               Turns: 2621, Time: 00:05:42

Health: -12/34     AC: 11    Str: 11    XL:     5   Next: 38%
Magic:  7/7        EV:  6    Int: 12    God:
Gold:   139        SH:  0    Dex: 15    Spells: 3 memorised, 2 levels left

rFire  . . .     SeeInvis .     a - +1 falchion
rCold  . . .     Clarity  .     g - +2 scale mail {rPois}
rNeg   . . .     SustAb   .     (shield restricted)
rPois  +         Gourm    .     q - +2 hat
rElec  .         Spirit   .     (no cloak)
rCorr  .         Warding  .     u - +0 pair of gloves
rMut   .         Stasis   .     (no boots)
MR     .....                    (no amulet)
Stlth  ..........               (no ring)
                                (no ring)

@: not resistant to hostile enchantments, extremely unstealthy
A: mutation resistance 1
a: no special abilities


You were in an ossuary.
You were not hungry.

You visited 1 branch of the dungeon, and saw 4 of its levels.
You also visited: Ossuary.

You collected 139 gold pieces.

Inventory:

Hand weapons
 a - a +1 falchion (weapon)
 b - a +0 hunting sling
Missiles
 e - 5 tomahawks of dispersal (quivered)
 o - 147 stones
 r - 11 poisoned needles
Armour
 g - a +2 scale mail of poison resistance (worn)
 q - a +2 hat (worn)
 u - a +0 pair of gloves (worn)
Scrolls
 d - a scroll of blinking
 s - a scroll of enchant armour
 t - a scroll of amnesia
 v - a scroll of immolation
 z - a scroll of enchant weapon
Potions
 i - a potion of heal wounds {unknown}
 j - 3 potions of haste {unknown}
 n - a potion of ambrosia {unknown}
 p - a potion of curing {unknown}
 w - a potion of resistance {unknown}
 x - a potion of might {unknown}
Books
 c - a book of Spatial Translocations

   Spells                             Type                      Level
   a - Apportation                    Translocation                1
   b - Blink                          Translocation                2
   c - Shroud of Golubria             Charms/Translocation         2
   d - Portal Projectile              Translocation                3
   e - Teleport Other                 Translocation                3
   f - Passage of Golubria            Translocation                4
Comestibles
 f - a bread ration
 h - 2 meat rations
 k - 11 fruits


   Skills:
 - Level 1.7 Fighting
 * Level 5.0 Long Blades
 - Level 1.3 Throwing
 - Level 1.1 Armour
 - Level 2.1 Dodging
 - Level 1.6 Spellcasting
 - Level 3.5 Translocations


You had 2 spell levels left.
You knew the following spells:

 Your Spells              Type           Power        Failure   Level  Hunger
a - Apportation           Tloc           #.........   47%         1    ##.....
b - Blink                 Tloc           N/A          73%         2    ###....
c - Shroud of Golubria    Chrm/Tloc      #.........   95%         2    ###....


Dungeon Overview and Level Annotations

Branches:
Dungeon (4/15)
 Temple: D:4-7

Altars:
Vehumet


Innate Abilities, Weirdness & Mutations

You are small and have problems with some larger weapons.
You are somewhat resistant to further mutation.


Message History

The mummy is heavily damaged.
The mummy hits you but does no damage.
You completely miss the mummy.
The mummy is heavily damaged.
The mummy hits you. The mummy closely misses you.
The mummy hits you but does no damage.
You hit the mummy but do no damage.
The mummy is heavily damaged.
The mummy hits you!
* * * LOW HITPOINT WARNING * * *
There is an empty arch of ancient stone here.
There is a gate leading back out of this place here.
You hit the mummy.
The mummy is moderately damaged.
You hit the mummy.
The mummy is moderately damaged.
The mummy hits you.
* * * LOW HITPOINT WARNING * * *
The mummy hits you!
You die...

####
#..######
##...M..#
#...∩M@.+
##...M..#
#..######
####


You could see 3 mummies.

Vanquished Creatures
  A mummy (D:4)
  4 adders (D:2)
  An ooze (D:2)
  2 worms (D:3)
  2 giant geckos
  4 orcs
  A ball python (D:2)
  6 hobgoblins
  4 jackals (D:3)
  9 kobolds
  2 quokkas
  3 bats
  6 giant cockroaches
  2 giant newts
  10 goblins
  A quokka skeleton (D:4)
  9 rats
67 creatures vanquished.

Notes
Turn   | Place    | Note
--------------------------------------------------------------
     0 | D:1      | Lugonue the Halfling Warper began the quest for the Orb.
     0 | D:1      | Reached XP level 1. HP: 14/14 MP: 3/3
   208 | D:1      | Reached XP level 2. HP: 19/19 MP: 4/4
   715 | D:2      | Reached XP level 3. HP: 24/24 MP: 5/5
   725 | D:2      | Found a radiant altar of Vehumet.
  1110 | D:2      | Reached XP level 4. HP: 29/29 MP: 6/6
  1178 | D:2      | Reached skill level 4 in Long Blades
  1317 | D:2      | Learned a level 2 spell: Blink
  1320 | D:2      | Learned a level 2 spell: Shroud of Golubria
  1698 | D:3      | HP: 1/29 [orc/flail (4)]
  1713 | D:3      | HP: 1/29 [adder (1)]
  2034 | D:2      | Reached XP level 5. HP: 28/34 MP: 7/7
  2594 | D:4      | Found a sand-covered staircase.
  2602 | D:4      | Reached skill level 5 in Long Blades
  2606 | Ossuary  | Entered an ossuary
  2621 | Ossuary  | Mangled by a mummy

Vault maps used:
D:1:      roderic_crop_circles_arrival_small
D:2:      vehumet_crystals, st_stairs_5, minmay_misc_feat_chi
D:3:      serial_glass, glass_columns_a, glass_columns_c, glass_columns_b,
          glass_columns_a, glass_columns_a, glass_columns_b, glass_columns_c,
          glass_columns_a
D:4:      elyvilon_altar_3, lemuel_zombie_altar_yredelemnul,
          gammafunk_temple_overflow_claw, gup_ossuary_entry_pyramid
Ossuary:  ossuary_minmay_chase

Action                   |  1- 3 |  4- 6 || total
-------------------------+-------+-------++-------
Melee: Falchion          |   110 |   156 ||   266
  Use: Scroll            |     4 |     7 ||    11
  Eat: Chunk             |     1 |     2 ||     3
       Pizza             |       |     1 ||     1
       Beef jerky        |       |     1 ||     1
